[Event "AI Cup Div-2 2023"]
[Site "Online"]
[Date "2023.09.25"]
[Round "1.1"]
[White "Caruana, Fabiano"]
[Black "Gledura, Benjamin"]
[Result "1-0"]
[ECO "B42"]
[WhiteElo "2786"]
[BlackElo "2633"]
[Annotator "TA"]
[PlyCount "143"]
[EventDate "2023.09.18"]
[EventType "k.o."]
[EventCountry "NET"]
[SourceTitle "playchess.com"]
[Source "ChessBase"]
[SourceQuality "1"]
[TimeControl "900+3"]

1. e4 c5 2. Nf3 e6 3. d4 cxd4 4. Nxd4 a6 5. Bd3 Bc5 6. Nb3 Ba7 7. O-O Ne7 8. Qe2 $1 {[%emt 0:00:03] 8.Qe2 is better than 8.c4. B42: Sicilian: Kan Variation: 5 Bd3.} O-O 9. Be3 Nbc6 10. N1d2 {[%emt 0:00:12] White is slightly better.} e5 11. Rad1 d6 12. c3 Be6 13. Bxa7 Rxa7 14. Nc4 b5 15. Ne3 Qb6 {[%emt 0:00:25] [#]} 16. Bc2 $146 ({Predecessor:} 16. Bb1 Rd8 17. Nd5 Bxd5 18. exd5 Nb8 19. Rd3 Rf8 20. Rh3 f5 21. Qh5 h6 22. g4 {0-1 Bashirov,T (2238)-Iskandarov,M (2502) Cesme op-A 7th 2019 (7)}) 16... Rd7 17. Nd5 Bxd5 18. exd5 Nd8 19. Nd2 (19. Kh1 $5 ) 19... f5 20. c4 (20. Kh1 $11) 20... b4 (20... g6 $15) 21. Kh1 Ng6 22. g3 ({White should play} 22. g4 $14) 22... Re7 (22... Rdf7 $11) 23. Rde1 (23. Qe3 $14 Qc7 24. a3) 23... Nb7 $11 24. Qe3 Qc7 25. Qg5 Ref7 26. f4 (26. g4 $1 $11) 26... e4 $15 27. Qh5 Ne7 28. Qe2 Nc8 ({Better is} 28... Kh8 $11) 29. g4 $36 {[%emt 0:00:39][%mdl 2048] gxf5 would be deadly. White has some pressure.} (29. Nxe4 Re7 30. Qd2 (30. Qh5 $2 fxe4 31. Rxe4 Rxe4 $17) 30... fxe4 31. Qxb4 Nc5 $17) 29... g6 30. gxf5 gxf5 31. Rg1+ Kh8 $1 32. Rg5 Rg7 33. Reg1 Rxg5 34. Rxg5 (34. fxg5 Qg7 $15) 34... Nb6 (34... Nc5 $11 {keeps the balance.}) 35. Qh5 (35. b3 $16) 35... Qf7 $1 $11 (35... Nxc4 $2 36. Rxf5 Qe7 37. Nxc4 $18) 36. Qxf7 Rxf7 37. b3 Nc5 38. Nf1 Nc8 $1 39. Ng3 Ne7 40. Kg1 h6 41. Rh5 Kh7 42. Kf2 Kg6 43. Ke3 Ng8 44. Bd1 Ne7 45. Rh3 Kh7 46. Bc2 a5 47. Ne2 Rg7 48. Rg3 {[%emt 0:00:03] Wards off Rg2} Rxg3+ 49. hxg3 $14 {[%emt 0:00:00][%mdl 4096] Endgame KBN-KNN} Kg6 50. Nd4 {[%emt 0:00:01] Nc6 is the strong threat.} Kf6 (50... h5 $1 $14) 51. Bd1 Nc8 {[%emt 0:00:20] [#]} (51... Nd3 $16 {is a better defense.}) 52. Nc6 $1 $18 Nb7 {[%emt 0:00:03] [#]} 53. g4 $1 fxg4 54. Bxg4 (54. Kxe4 h5 $15) 54... Nb6 55. Kxe4 Nc5+ 56. Ke3 a4 57. Bd1 ({Not} 57. Nxb4 axb3 58. axb3 Nxb3 $11) 57... axb3 58. axb3 (58. Nxb4 $2 {perishes.} b2 59. Bc2 Nxc4+ 60. Kf3 Na3 $19) 58... Na6 59. Kf3 Nd7 60. Kg4 {[%emt 0:00:06] And now Bc2 would win.} Ndc5 $2 (60... Nf8 61. Nd4 Nc5) 61. Nd4 $2 (61. Bc2 $18 {and the rest is easy.}) 61... Nd3 $16 {[%emt 0:00:03] White must now prevent ...Nf2+.} 62. Bc2 h5+ 63. Kg3 (63. Kxh5 $16 Nxf4+ 64. Kg4) 63... Nac5 $11 64. f5 Ne4+ $2 {[%emt 0:00:06] This move loses the game for Black.} (64... Ne1 $11 {and Black has nothing to worry.}) 65. Kh4 $18 Ndc5 $2 (65... Nec5 {was necessary.} 66. Kxh5 Nc1) 66. Ne6 Ke5 $2 (66... Nxe6 67. fxe6 (67. Bxe4 Nd4 $11) 67... Nc5 68. Kxh5 Nb7) 67. Kxh5 {[%emt 0:00:07] White is clearly winning.} Nf6+ 68. Kg6 {[%emt 0:00:03] aiming for Nxc5.} Ncd7 69. Kf7 Nb6 70. Nd8 {[%emt 0:00:02] White threatens Nc6+ and mate.} Nbd7 71. Nc6+ Kf4 72. Ke6 {[%emt 0:00:03] Weighted Error Value: White=0.14 (very precise) /Black=0.22 (precise)} 1-0

[Event "AI Cup Div-2 2023"]
[Site "Online"]
[Date "2023.09.25"]
[Round "1.1"]
[White "Dominguez Perez, Leinier"]
[Black "Saric, Ivan"]
[Result "1-0"]
[ECO "B67"]
[WhiteElo "2745"]
[BlackElo "2647"]
[Annotator "TA"]
[PlyCount "47"]
[EventDate "2023.09.18"]
[EventType "k.o."]
[EventCountry "NET"]
[SourceTitle "playchess.com"]
[Source "ChessBase"]
[SourceQuality "1"]
[TimeControl "900+3"]

1. e4 {[%emt 0:00:21] Ftacnik,Lubomir} c5 2. Nf3 d6 3. d4 cxd4 4. Nxd4 Nf6 5. Nc3 Nc6 6. Bg5 e6 7. Qd2 a6 8. O-O-O Bd7 9. Kb1 Nxd4 {[%emt 0:00:05] B67: Sicilian: Richter-Rauzer: 7...a6 8 0-0-0 Bd7, lines without 9 f4 Be7.} 10. Qxd4 Be7 11. f4 Bc6 {[%emt 0:00:10] White is slightly better.} 12. Bc4 $5 {[%emt 0:00:17][%mdl 4] 12.Bc4 is a critical line. A promising side line.} (12. f5 $5 ) 12... h6 13. Bh4 O-O 14. f5 {[%emt 0:00:50] [#]} exf5 $146 ({Predecessor:} 14... b5 15. Bb3 exf5 16. exf5 a5 17. Rhe1 a4 18. Rxe7 Qxe7 19. Bd5 Rac8 20. Re1 Qd8 {½-½ Polgar,J (2630)-Popovic,P (2520) EU-Cup 09th final 1993 (1)}) 15. e5 dxe5 16. Qxe5 Bd7 17. g4 Re8 $2 ({Better is} 17... Rc8 $11 18. Bb3 g5 19. gxf5 (19. Rhe1 Bc5 $17) 19... Rc5) 18. gxf5 $16 {[%emt 0:00:17] Black must now prevent Rhg1. White has more active pieces.} Qc8 $2 {[%emt 0:00:26][%mdl 8192] Loses the game.} (18... Ng4 $16 19. Qf4 Bxh4 20. Qxg4 (20. Bxf7+ $2 Kxf7 21. Qxg4 Rc8 $17) 20... Rc8) 19. Rhg1 $1 $18 Kf8 {[%emt 0:07:36] [#]} 20. Rxg7 $3 {[%emt 0:00:19][%mdl 576] Decoy} Kxg7 21. Bxf6+ Kh7 {[%emt 0:00:07] Black is weak on the dark squares} 22. Bxe7 Qxc4 23. Nd5 Rxe7 24. Qxe7 {[%emt 0:00:03] Excellently played by Dominguez Perez!   Weighted Error Value: White=0.08 (flawless) /Black=1.05} 1-0

[Event "AI Cup Div-2 2023"]
[Site "Online"]
[Date "2023.09.25"]
[Round "1.1"]
[White "Andreikin, Dmitry"]
[Black "Antipov, Mikhail Al."]
[Result "1-0"]
[ECO "A22"]
[WhiteElo "2729"]
[BlackElo "2600"]
[Annotator "TA"]
[PlyCount "83"]
[EventDate "2023.09.18"]
[EventType "k.o."]
[EventCountry "NET"]
[SourceTitle "playchess.com"]
[Source "ChessBase"]
[SourceQuality "1"]
[TimeControl "900+3"]

1. c4 Nf6 2. Nc3 e5 3. e3 Bb4 4. Nge2 O-O 5. a3 Be7 6. g3 {[%emt 0:00:03] A22: English Opening: 1...e5 2 Nc3 Nf6.} c6 7. d4 exd4 8. Qxd4 {[%emt 0:00:00] The position is equal.} d5 9. cxd5 cxd5 10. Bg2 Nc6 11. Qd1 {[%emt 0:00:14] [#]} Ne5 $146 ({Predecessor:} 11... Bg4 12. h3 Bh5 13. Nxd5 Ne5 14. g4 Bg6 15. O-O Nxd5 16. Qxd5 Qxd5 17. Bxd5 Bd3 {½-½ Seymour,T (2100)-Munshi,A (2183) South Normanton 4NCL op 23rd 2019 (4)}) 12. O-O Bg4 13. h3 Bf3 14. Bxf3 Nxf3+ 15. Kg2 Ng5 16. Nf4 Qd6 17. h4 Nge4 18. Nfxd5 Nxd5 19. Qxd5 Nxc3 20. Qxd6 Bxd6 21. bxc3 Be5 22. Bb2 Rac8 23. Rac1 Rfd8 24. f4 Bf6 25. e4 Kf8 26. Rfd1 Ke8 27. Kf3 g6 28. Ke2 Rc4 29. e5 Be7 30. Rd4 b5 31. Rcd1 Rc6 32. a4 a6 (32... Rb8 $14) 33. axb5 axb5 34. Rxd8+ Bxd8 $16 {[%emt 0:00:00][%mdl 4096] Endgame KRB-KRB} 35. Rd5 h5 $2 {[%emt 0:00:09] This move loses the game for Black.} (35... b4 $16 {keeps fighting.}) 36. Rxb5 $18 Ke7 37. Kd3 Ke6 (37... Bb6 {might work better.} 38. Ba3+ Ke6) 38. c4 Be7 39. Bd4 {[%emt 0:00:05] [#] Strongly threatening Rb6.} Kf5 (39... Rc7 $142 40. Bf2 Rc6) 40. Rb7 {[%emt 0:00:04] White is clearly winning.} Re6 41. c5 Kg4 {[%emt 0:00:02] [#]} 42. c6 $1 {[%emt 0:00:05] Weighted Error Value: White=0.04 (flawless) /Black=0.26 (precise)} 1-0

[Event "AI Cup Div-2 2023"]
[Site "Online"]
[Date "2023.09.25"]
[Round "1.1"]
[White "Duda, Jan-Krzysztof"]
[Black "Niemann, Hans Moke"]
[Result "1-0"]
[ECO "E05"]
[WhiteElo "2726"]
[BlackElo "2667"]
[Annotator "TA"]
[PlyCount "75"]
[EventDate "2023.09.18"]
[EventType "k.o."]
[EventCountry "NET"]
[SourceTitle "playchess.com"]
[Source "ChessBase"]
[SourceQuality "1"]
[TimeControl "900+3"]

1. d4 Nf6 2. c4 e6 3. Nf3 d5 4. g3 Be7 5. Bg2 O-O 6. O-O dxc4 7. Qa4 a6 8. Qxc4 b5 9. Qc2 Bb7 10. Bd2 Ra7 {[%emt 0:00:37] E05: Open Catalan: 5 Nf3 Be7.} 11. Rd1 Nbd7 12. Ba5 Qa8 {[%emt 0:00:05] The position is equal.} 13. Qxc7 $5 {[%emt 0:02:09][%mdl 4] An interesting side line.} Rc8 14. Qf4 Rc2 $1 {[%emt 0:00:02][%csl LRb2,LRe2] [#]} 15. Re1 $5 $146 {[%emt 0:01:47][%mdl 8] New and interesting.} ({Predecessor:} 15. Nc3 Nd5 16. Nxd5 Bxd5 17. Rd2 Rc8 18. a3 Nf6 19. Ne1 Bxg2 20. Nxg2 Ne4 21. Rd3 {0-1 Vachier Lagrave,M (2778)-Firouzja,A (2728) Chessbrahmin May blitz 2020 (1.12)}) 15... b4 (15... Rxb2 16. Qc1 Rb4 17. Bxb4 Bxb4 18. Nbd2 $16) ({Black should play} 15... Nd5 $11 16. Qe4 Rxb2) 16. b3 (16. Nbd2 Nd5 17. Qe4 Rxd2 18. Nxd2 N5f6 $11) 16... Ne4 (16... h6 $11 {keeps the balance.} 17. h4 (17. Nbd2 $2 g5 $19) 17... Qc8) 17. a3 $16 g5 18. Qe3 g4 19. Nfd2 (19. Nh4 $1 $16) 19... Nxd2 (19... Bg5 $15 {keeps the upper hand.} 20. Qxe4 Bxe4 21. Nxe4 Qb8 22. Nxg5 Qb5) 20. Bxb7 Rxb7 (20... Qxb7 $16 21. Nxd2 bxa3) 21. Nxd2 $18 bxa3 22. Qe4 Qc8 (22... Rc8 $142) 23. Qxg4+ $2 (23. Nc4 $18 {and the rest is easy.} Rb2 24. Qxg4+ Kh8 25. Nxa3 (25. Nxb2 axb2 26. Rab1 Rxb3 $16)) 23... Kf8 $16 24. Qe4 {[%emt 0:00:13] Threatens to win with Nc4.} (24. Ne4 {looks sharper.} f5 25. Qf4 Qc6 26. Nc5) 24... Nf6 25. Qd3 Qc6 {[%emt 0:00:21] [#]} (25... Rb5 $16) 26. d5 $1 $18 exd5 {[%emt 0:01:13] [#]} (26... Qxd5 $2 27. Qxc2 Qxa5 28. Qc8+ Qd8 29. Qxb7 $18) 27. Nc4 $1 Rxc4 $16 28. bxc4 dxc4 29. Qd4 {[%emt 0:00:37] And now Bd8 would win.} Bc5 {[%emt 0:00:04] [#]} ({Better is} 29... Qd5 30. Bc3 Qxd4 31. Bxd4 Ne4) 30. Qd8+ $1 Kg7 {[%emt 0:00:08] Strongly threatening ...Ne4.} 31. Bc3 $36 {[%emt 0:00:01][%mdl 2048] White is really pushing.} Rb3 (31... Be7 $16 32. Qd2 Rb5) 32. Rec1 $18 a5 33. Qxa5 (33. Bxa5 Bxf2+ 34. Kxf2 Qc5+ 35. Kg2 Qc6+ 36. Kg1 Qc5+ 37. Kh1 Qc6+ 38. Kg1 Qc5+ 39. Kf1 (39. Kh1 Qc6+ 40. Kg1 $11) 39... Ng4 $11) 33... Kg6 {[%emt 0:00:13] Hoping for ...Bb6.} 34. Bxf6 Kxf6 35. Qd8+ ({Stronger than} 35. Rxc4 Bxf2+ 36. Kxf2 Qxc4 37. Rxa3 Qd4+ 38. Kg2 Qe4+ 39. Kh3 Qe6+ 40. Kh4 Qe4+ 41. g4 Rxa3 42. Qxa3 Qxe2 $11) 35... Kg6 $2 (35... Kg7 $16) 36. Qg8+ ({Worse is} 36. Rxc4 Bxf2+ 37. Kxf2 Qxc4 $11) 36... Kf6 37. Qxh7 {[%emt 0:00:01] Threatening mate with Qh6+.} ({Weaker is} 37. Rxc4 Bxf2+ 38. Kxf2 Qxc4 $11) 37... c3 38. Qh6+ {[%emt 0:00:03][%mdl 64] Skewer. Beautiful play by Duda!   Weighted Error Value: White=0.24 (precise) /Black=0.46} 1-0

[Event "AI Cup Div-2 2023"]
[Site "Online"]
[Date "2023.09.25"]
[Round "1.1"]
[White "Keymer, Vincent"]
[Black "Hakobyan, Aram"]
[Result "1-0"]
[ECO "A13"]
[WhiteElo "2717"]
[BlackElo "2617"]
[Annotator "TA"]
[PlyCount "69"]
[EventDate "2023.09.18"]
[EventType "k.o."]
[EventCountry "NET"]
[SourceTitle "playchess.com"]
[Source "ChessBase"]
[SourceQuality "1"]
[TimeControl "900+3"]

1. c4 Nf6 2. Nf3 e6 3. b3 d5 4. Bb2 c5 5. cxd5 exd5 6. g3 {[%emt 0:00:01] A13: English Opening: 1...e6.} Nc6 7. Bg2 h5 {[%emt 0:00:03] [#]} 8. e3 $146 {[%emt 0:01:09] White is slightly better.} ({Predecessor:} 8. d4 cxd4 9. O-O Be7 10. Nxd4 h4 11. Nc3 hxg3 12. hxg3 Bg4 13. Nc2 Be6 14. Qd2 {0-1 Bok,B (2621)-Aditya,M (2572) AI Cup Play In rapid 2023 (3)}) 8... Bg4 9. h3 Bf5 10. O-O Be7 11. d4 h4 12. Nxh4 Bxh3 13. Bxh3 $16 {[%emt 0:00:19] And now Bg2 would win.} g5 {[%emt 0:00:01] [#]} 14. Nf5 Rxh3 $11 15. Kg2 (15. Qf3 $16) 15... g4 $1 {[%emt 0:00:37] Strongly threatening ...Qd7.} 16. dxc5 d4 (16... Qd7 $1 $11 17. e4 d4) 17. e4 (17. Re1 $1 $14) 17... Bxc5 18. Nd2 {[%emt 0:00:19] Black must now prevent Rc1.} Qd7 $2 (18... Ne7 $1 $11 {and Black is okay.} 19. Qe2 d3) 19. Rc1 $36 {[%emt 0:00:27][%mdl 2048] Black is under strong pressure.} Bb4 20. a3 Bxd2 21. Qxd2 O-O-O (21... Nxe4 $2 22. Qf4 $18) 22. Qxd4 {[%emt 0:01:08] Active counter play!} (22. Bxd4 Rh5 23. Ng7 Qxd4 $11) ({White should play} 22. Qf4 $18) 22... Qe6 $2 {[%emt 0:03:40] Black is weak on the dark squares. This move loses the game for Black.} (22... Qxd4 $16 {was necessary.} 23. Bxd4 Nxe4) 23. Qe5 ({Worse is} 23. Qxf6 Qxe4+ 24. f3 Rd2+ 25. Kg1 gxf3 26. Ne7+ (26. Nd6+ $2 Rxd6 27. Qxf3 Qxf3 $19) 26... Qxe7 27. Qxf3 (27. Rxc6+ $2 bxc6 28. Qxc6+ Qc7 $19) 27... Qd7 $15) 23... Qxe5 (23... Rd7 {keeps fighting.} 24. Rfe1 (24. Qxf6 Qxe4+ 25. f3 Rd2+ 26. Kg1 gxf3 $17) 24... Qxe5 25. Bxe5 Ne8) 24. Bxe5 Rdh8 {[%emt 0:00:37] [#] ( -> ...Rh2+)} 25. Nh4 $1 (25. Bxf6 $2 {is a self mate.} Rh2+ 26. Kg1 Rh1+ 27. Kg2 R8h2#) 25... Rh6 26. Bxf6 Rxf6 27. f3 Rxh4 28. gxh4 {[%emt 0:00:01][%mdl 4096] Endgame KRR-KRN} Rg6 29. f4 Kd7 30. Kg3 Ne7 31. f5 Rb6 32. Rc3 Nc6 33. Kxg4 Ne5+ 34. Kf4 f6 35. Rd1+ {[%emt 0:00:08] Artfully played by Keymer.   Weighted Error Value: White=0.19 (very precise) /Black=0.72} 1-0

[Event "AI Cup Div-2 2023"]
[Site "Online"]
[Date "2023.09.25"]
[Round "1.1"]
[White "Eljanov, Pavel"]
[Black "Sarana, Alexey"]
[Result "0-1"]
[ECO "A08"]
[WhiteElo "2695"]
[BlackElo "2693"]
[Annotator "TA"]
[PlyCount "112"]
[EventDate "2023.09.18"]
[EventType "k.o."]
[EventCountry "NET"]
[SourceTitle "playchess.com"]
[Source "ChessBase"]
[SourceQuality "1"]
[TimeControl "900+3"]

1. Nf3 d5 2. g3 Nf6 3. Bg2 e6 4. O-O Be7 5. d3 c5 6. a4 {[%emt 0:00:22] A08: King's Indian Attack.} Nc6 7. Bf4 {[%emt 0:00:13] [#]} Bd6 $146 ({Predecessor:} 7... h6 8. e4 O-O 9. e5 Nh7 10. Re1 b6 11. h4 Bb7 12. Nbd2 a6 13. Nf1 b5 {½-½ Andreikin,D (2735)-Anton Guijarro,D (2585) Wch Blitz Almaty 2022 (5)}) 8. Bxd6 {[%emt 0:00:34] The position is equal.} Qxd6 9. Na3 O-O {[%emt 0:00:04] [#]} 10. e4 $1 dxe4 (10... Rd8 11. Nd2) 11. dxe4 Nxe4 12. Re1 (12. Qxd6 {simplifies} Nxd6 13. Nd2 Nf5 14. Nb3) 12... Rd8 13. Qxd6 Nxd6 14. Rad1 f6 15. Nb5 {[%emt 0:00:54] Prevents e5} Nf7 16. Rxd8+ Ncxd8 17. Nd2 a6 18. Na3 Rb8 19. a5 Kf8 (19... Bd7 $11) 20. Ne4 e5 {[%emt 0:01:45] [#]} (20... b5 $14) 21. Nxc5 ({White should try} 21. Nc4 $1 $16) 21... Ne6 $11 22. Na4 Bd7 23. Nb6 Ke7 24. f4 Bc6 25. Bxc6 bxc6 26. Nac4 Rd8 (26... Nd4 $11 27. Rd1 Rd8) 27. fxe5 $14 fxe5 28. c3 ({Much worse is} 28. Nxe5 Nxe5 29. Rxe5 Rd2 $11) 28... Kf6 29. Rf1+ Ke7 30. Kf2 (30. Kg2 $14) 30... Nc5 $11 31. Ke2 Nb3 $1 32. Rd1 Ke6 33. Rxd8 Nxd8 {[%emt 0:00:00][%mdl 4096] Endgame KNN-KNN} 34. Kd3 Nb7 35. Na4 h5 36. h3 g6 37. Ke3 (37. h4 $11) 37... N3xa5 38. Nd2 {[%emt 0:00:04] Black must now prevent b4.} Nd6 39. b3 {[%emt 0:00:13] Against Ndc4+} Nab7 {[%emt 0:00:12] Prevents Nc5+.} 40. g4 hxg4 41. hxg4 Ne8 42. Ne4 Nf6 43. Nec5+ Nxc5 44. Nxc5+ $15 {[%emt 0:00:00] KN-KN} Kd6 45. Nxa6 Nxg4+ 46. Kf3 Nf6 47. c4 c5 48. Ke3 {[%emt 0:00:02] [#]} e4 $1 {[%emt 0:01:27] Strongly threatening ...g5.} 49. Kf4 {[%emt 0:00:01][%mdl 8192] [#] This move loses the game for White.} (49. b4 $17) 49... g5+ $1 $19 50. Ke3 Kc6 51. b4 cxb4 {[%emt 0:00:00][%mdl 64] Deflection} 52. Nxb4+ Kc5 53. Na6+ Kxc4 {[%emt 0:00:06] Black mates.} 54. Nc7 Nd5+ 55. Kxe4 Nxc7 56. Kf5 {[%emt 0:00:00] [#]} Ne6 $1 {[%emt 0:00:00] Weighted Error Value: White=0.36/Black=0.10 (very precise)} 0-1

[Event "AI Cup Div-2 2023"]
[Site "Online"]
[Date "2023.09.25"]
[Round "1.1"]
[White "Fedoseev, Vladimir"]
[Black "Kuzubov, Yuriy"]
[Result "0-1"]
[ECO "D35"]
[WhiteElo "2683"]
[BlackElo "2625"]
[Annotator "TA"]
[PlyCount "62"]
[EventDate "2023.09.18"]
[EventType "k.o."]
[EventCountry "NET"]
[SourceTitle "playchess.com"]
[Source "ChessBase"]
[SourceQuality "1"]
[TimeControl "900+3"]

1. d4 Nf6 2. c4 e6 3. Nc3 d5 4. cxd5 exd5 5. Bg5 c6 6. e3 Be7 7. Bd3 Nbd7 8. Nge2 O-O 9. O-O Nh5 10. Bxe7 Qxe7 11. Qd2 {[%emt 0:00:20] D35: Queen's Gambit Declined: Exchange Variation.} Re8 12. Rae1 g6 13. Nc1 {[%emt 0:00:04] The position is equal.} Ndf6 14. f3 c5 15. dxc5 Qxc5 16. Nb3 Qe7 {[%emt 0:00:18] [#]} 17. g4 $146 ({Predecessor:} 17. Nb5 Ng7 18. N5d4 Ne6 19. a3 Bd7 20. Qb4 Qxb4 21. axb4 Rec8 22. Ra1 Kf8 23. Ra5 Nxd4 24. Nxd4 {1-0 Grebnev,A (2488)-Saidov,B (2318) Novorossiysk Small Land op 2023 (6)}) 17... Ng7 18. g5 Nfh5 19. e4 (19. Nxd5 $2 Qxg5+ 20. Kh1 Qxd5 $19) (19. f4 $14) 19... dxe4 $15 20. Nd5 Qd6 21. fxe4 Bh3 22. Rf3 Bg4 (22... Be6 $5 23. Bb5 Bxd5 24. Bxe8 Rxe8 25. exd5 Rxe1+ 26. Qxe1 Qxd5 $11) 23. Bc4 {[%emt 0:00:43] Threatens to win with Nf6+.} Qe5 (23... Bxf3 $2 24. Nf6+ Nxf6 25. Qxd6 Nxe4 26. Qf4 $18) 24. Nc5 $2 {[%emt 0:01:54] [#]} Rac8 $1 $19 (24... Bxf3 25. Nd7 $18 (25. Nxb7 $2 Rab8 $19)) 25. Rxf7 Rxc5 $2 ({Black should play} 25... Kxf7 $19 26. Nf6+ Ke7) 26. Nf6+ $2 (26. Ne7+ $1 $15 Kh8 27. Qf2) 26... Nxf6 {[%emt 0:01:32] Black is clearly winning.} 27. Re7+ Be6 $1 ({Not} 27... Rxc4 28. Rxe5 Rxe5 29. gxf6 $16) 28. gxf6 Rxe7 29. fxe7 Qg5+ (29... Rxc4 $2 {is a self mate.} 30. Qd8+) 30. Qxg5 Rxg5+ 31. Kf2 Bxc4 {[%emt 0:00:02] An entertaining game by Kuzubov.   Weighted Error Value: White=0.72/Black=0.18 (very precise)} 0-1

[Event "AI Cup Div-2 2023"]
[Site "Online"]
[Date "2023.09.25"]
[Round "1.1"]
[White "Safarli, Eltaj"]
[Black "Artemiev, Vladislav"]
[Result "1/2-1/2"]
[ECO "C77"]
[WhiteElo "2612"]
[BlackElo "2697"]
[Annotator "TA"]
[PlyCount "65"]
[EventDate "2023.09.18"]
[EventType "k.o."]
[EventCountry "NET"]
[SourceTitle "playchess.com"]
[Source "ChessBase"]
[SourceQuality "1"]
[TimeControl "900+3"]

1. e4 e5 2. Nf3 Nc6 3. Bb5 a6 4. Ba4 Nf6 5. Nc3 b5 6. Bb3 Be7 7. a4 $1 {[%emt 0:00:07][%mdl 4] now scores much better than the old 7.d3. C77: Ruy Lopez: 3...a6 4 Ba4 Nf6, unusual lines.} Rb8 8. axb5 axb5 9. d3 {[%emt 0:00:05] White has an edge.} d6 10. Nd5 Nxd5 11. Bxd5 Nb4 12. Bb3 c5 13. c3 Na6 14. O-O O-O {[%emt 0:00:02] [#]} 15. Re1 $146 ({Predecessor:} 15. Ne1 Bg5 16. f4 Bxf4 17. Bxf4 exf4 18. Rxf4 c4 19. Bc2 cxd3 20. Nxd3 b4 21. Kh1 bxc3 22. bxc3 {½-½ Ponkratov,P (2582)-Magomedov,M (2511) Khanty-Mansiysk Governor Cup 6th 2010 (5)}) 15... Nc7 16. h3 b4 17. Be3 Be6 18. Bxe6 Nxe6 {[%emt 0:00:02] The position is equal.} 19. d4 bxc3 20. bxc3 exd4 21. cxd4 Bf6 22. Rc1 cxd4 23. Nxd4 Bxd4 24. Bxd4 d5 25. Be5 Rb5 26. Qd3 Ra5 27. Rcd1 dxe4 28. Qxd8 Rxd8 29. Rxd8+ Nxd8 $11 {[%emt 0:00:01] KRB-KRN} 30. Bc7 Rd5 31. Bxd8 Rxd8 32. Rxe4 g6 33. g3 {[%emt 0:00:02] An interesting draw.   Weighted Error Value: White=0.05 (flawless) /Black=0.02 (flawless)} 1/2-1/2

[Event "AI Cup Div-2 2023"]
[Site "Online"]
[Date "2023.09.25"]
[Round "1.2"]
[White "Sarana, Alexey"]
[Black "Eljanov, Pavel"]
[Result "1-0"]
[ECO "E47"]
[WhiteElo "2693"]
[BlackElo "2695"]
[Annotator "TA"]
[PlyCount "101"]
[EventDate "2023.09.18"]
[EventType "k.o."]
[EventCountry "NET"]
[SourceTitle "playchess.com"]
[Source "ChessBase"]
[SourceQuality "1"]
[TimeControl "900+3"]

1. d4 Nf6 2. c4 e6 3. Nc3 Bb4 4. e3 O-O 5. Bd3 c5 6. Nge2 cxd4 7. exd4 d5 {[%emt 0:00:02] E47: Nimzo-Indian: Rubinstein: 5 Bd3 without ...d5.} 8. c5 {[%emt 0:00:01] [#]} e5 $146 ({Predecessor:} 8... b6 9. a3 Bxc3+ 10. Nxc3 a5 11. O-O Ba6 12. Bf4 bxc5 13. dxc5 Bxd3 14. Qxd3 a4 15. Bd6 {½-½ Sarana,A (2629)-Lazavik,D (2453) Wch Rapid Almaty 2022 (3)}) 9. dxe5 Nfd7 {[%emt 0:01:16] The position is equal.} (9... Ng4 $5 10. O-O Bxc5 $11) 10. O-O Nxe5 {[%emt 0:00:18] [#]} 11. Nxd5 $1 Nxd3 12. Qxd3 Bxc5 13. Bf4 {[%emt 0:00:24] Rfd1 is the strong threat.} Be6 14. Nec3 {[%emt 0:00:21] Threatening Rad1.} (14. Rad1 {simplifies} Qxd5 15. Qxd5 Bxd5 16. Rxd5 Bb6 17. Nc3) 14... Nc6 15. Rad1 Nb4 (15... Bd4 $11) 16. Qb5 $16 Nxd5 17. Nxd5 (17. Qxc5 $14 b6 18. Qa3) 17... Rc8 {[%emt 0:02:19] [#]} 18. Nc7 Qe7 19. Qxb7 Bb6 {[%emt 0:00:49][%cal Rb6c7] This pair of bishops is nice.} 20. Rc1 Bxa2 {[%emt 0:00:11] [#]} (20... g5 $11 21. Bg3 h5) 21. Qxc8 $1 $14 Rxc8 {[%emt 0:00:16] [#]} 22. Nd5 {[%emt 0:00:00][%mdl 64] Discovered Attack} Qc5 (22... Qd7 23. Ne7+) 23. Ne7+ {[%emt 0:00:33][%mdl 64] Deflection} Qxe7 24. Rxc8+ Bd8 25. Rd1 {[%emt 0:01:12] Dodges Qd7} h6 26. Rcxd8+ Kh7 27. Be3 a5 28. h3 a4 29. R8d4 Bb3 30. Rc1 Qe5 31. Rc8 (31. Rc3 $14) 31... Qf5 $1 $11 32. Rc1 ({Better is} 32. Rb8 $11) 32... Qe5 $14 33. Rc3 Qf5 34. Rd2 Qb1+ 35. Kh2 Qf5 36. Rc5 Qf6 37. Rd4 Qe7 38. Rg4 (38. Rc3 $14) 38... Qd6+ $11 39. Rg3 Qf6 40. Rc3 Qe5 41. Rd3 {[%emt 0:00:08] Strongly threatening Bd4.} Qc7 (41... Qxb2 $2 42. Bd4 $18) 42. Bd4 {[%emt 0:00:07][%cal Od3c3] Hoping for Rc3!} f6 43. Rc3 Qd6 44. Bc5 Qb8 (44... Qe5 $11) 45. Be3 (45. Rcd3 $14 {was preferrable.}) 45... h5 {[%emt 0:00:02] Threatens to win with ...h4.} 46. h4 Qb4 {[%emt 0:00:03] [#]} (46... Bf7 $11 {keeps the balance.}) 47. Rc7 $1 $16 Qf8 48. Bc5 $36 {[%emt 0:00:06][%mdl 2048] White is on the roll.} Qg8 49. Bd4 Qf8 50. Kg1 {[%emt 0:00:33] White has more active pieces.} Kg8 $2 (50... Bd5 $16 51. Bc5 Qh8) 51. Bc5 {[%emt 0:00:07] A superb game by Sarana.   Weighted Error Value: White=0.10 (very precise) /Black=0.24 (precise)} 1-0